 Dungeon Crawl Stone Soup version 0.27-a0-1202-ge72e49191c (webtiles) character file.

Game seed: 3812528571376807515

9 Goblin1989 the Sneak (level 2, -1/23 (24) HPs)
             Began as a Demonspawn Delver on June 4, 2021.
             Slain by a necrophage (5 damage)
             ... on level 3 of the Dungeon.
             The game lasted 00:02:21 (274 turns).

Goblin1989 the Sneak (Demonspawn Delver)             Turns: 274, Time: 00:02:21

HP:   -1/23 (24)    AC:  3    Str: 12    XL:     2   Next: 6%
MP:   2/2           EV: 11    Int: 11    God:
Gold: 5             SH:  4    Dex: 14    Spells: 1/1 levels left

rFire    . . .     SeeInvis .   a - +0 mace
rCold    . . .     Faith    .   (no shield)
rNeg     . . .     Spirit   .   b - +0 leather armour
rPois    .         Reflect  .   (no helmet)
rElec    .         Harm     .   (no cloak)
rCorr    .         Rampage  .   (no gloves)
Will     .....                  (no boots)
Stlth    ++........             (no amulet)
HPRegen  0.07/turn              (no ring)
MPRegen  0.08/turn              (no ring)

@: lightly drained
A: condensation shield
a: no special abilities


You were on level 3 of the Dungeon.
You visited 1 branch of the dungeon, and saw 3 of its levels.

You collected 5 gold pieces.

Inventory:

Hand Weapons
 a - a +0 mace (weapon)
 P - a +0 flail
Missiles
 O - 11 poisoned darts (quivered)
Armour
 b - a +0 leather armour (worn)
Wands
 g - a wand of digging (3) {@v1}
Scrolls
 c - a scroll of fog
 M - a scroll of magic mapping
Potions
 f - a potion of haste {@q3,}
 N - a potion of curing {unknown}


   Skills:
 - Level 3.0 Fighting
 + Level 2.5 Maces & Flails
 - Level 1.7 Dodging
 - Level 4.5 Stealth


You had one spell level left.
You didn't know any spells.
Your spell library was empty.

Dungeon Overview and Level Annotations

Branches:
Dungeon (5/15)
 Temple: D:4-7

Altars:

Shops:
D:5 (


Innate Abilities, Weirdness & Mutations

A meltable shield of frost defends you. (SH +4)


Message History

Your Maces & Flails skill increases to level 2!
Unknown command.
You start resting.
HP restored.
Health restored: 18
Things that are here:
a +0 dagger; a goblin corpse A worm comes into view.
Found 5 gold pieces.
An adder skeleton comes into view.
You see here 5 gold pieces.
A goblin comes into view. It is wielding a +0 club.
Found 11 poisoned darts.
Unknown command.
You see here 5 gold pieces.
You now have 5 gold pieces.
You hit the adder skeleton.
The adder skeleton is heavily damaged.
The adder skeleton barely misses you. The adder skeleton bites you.
You take 1 damage, and have 17/18 hp.
You sock the adder skeleton!
You destroy the adder skeleton!
The helpless goblin fails to defend itself.
You hit the goblin.
You kill the goblin!
You see here a +0 club.
You see here 11 poisoned darts.
O - 11 poisoned darts Health restored: 18
Found a stone staircase leading up.
A hobgoblin comes into view.
The hobgoblin shouts!
The hobgoblin closely misses you.
You hit the hobgoblin.
The hobgoblin is severely wounded.
The hobgoblin hits you.
You take 3 damage, and have 15/18 hp.
You closely miss the hobgoblin.
The hobgoblin is severely wounded.
The hobgoblin hits you but does no damage.
You barely miss the hobgoblin.
The hobgoblin is severely wounded.
The hobgoblin misses you. The hobgoblin barely misses you.
You hit the hobgoblin.
You kill the hobgoblin!
You have reached level 2!
Your demonic ancestry asserts itself...
Frost condenses into a shield before you.
You regained 5 hp, and now have 20/24 hp.
MP restored: 2 Unknown command.
Unknown command.
You see here a hobgoblin corpse.
Found a flail.
A necrophage comes into view.
The necrophage moves out of view.
Found a blackened fluorescent wand.
An endoplasm comes into view.
You block the necrophage's attack.
Health restored: 24 Number of times to repeat, then command key: You must enter the number of times for the command to repeat.
Unknown command.
The necrophage closely misses you. The necrophage hits you.
You feel drained.
You take 6 damage, and have 18/23 hp.
MASSIVE DAMAGE!!
The endoplasm quivers.
Unknown command.
The endoplasm hits you but does no damage.
The endoplasm freezes you.
You are frozen.
You see here a +0 flail.
You take 1 damage, and have 17/23 hp.
P - a +0 flail The endoplasm hits you.
You take 2 damage, and have 15/23 hp.
The endoplasm hits you.
You take 3 damage, and have 12/23 hp.
The endoplasm hits you but does no damage.
There is a stone staircase leading up here.
The endoplasm hits you but does no damage.
The necrophage hits you but does no damage.
You climb upwards.
There is a stone staircase leading down here.
You barely miss the endoplasm. The endoplasm completely misses you.
You block the necrophage's attack. The endoplasm freezes you.
You are frozen.
* * * LOW HITPOINT WARNING * * *
The necrophage misses you.
You take 4 damage, and have 8/23 hp.
You thump the endoplasm!
You kill the endoplasm!
The necrophage hits you.
* * * LOW HITPOINT WARNING * * *
You take 5 damage, and have 3/23 hp.
MASSIVE DAMAGE!!
As you read the scroll of fear, it crumbles to dust.
You assume a fearsome visage.
The necrophage is unaffected.
The necrophage hits you.
You die... ████ ..█ █.█ █@█ █n█

█.█
█.█
█..
███


You could see a necrophage.

Vanquished Creatures
  An adder skeleton (D:4)
  An endoplasm (D:3)
  2 goblins (D:4)
  A hobgoblin (D:4)
  A quokka skeleton (D:4)
6 creatures vanquished.

Notes
Turn   | Place    | Note
-------+----------+-------------------------------------------
     0 | D:5      | Goblin1989 the Demonspawn Delver began the quest for the
                  | Orb.
     0 | D:5      | Reached XP level 1. HP: 18/18 MP: 1/1
    34 | D:5      | Found Ymemuf's Antique Weapon Boutique.
   205 | D:4      | Gained mutation: A meltable shield of frost defends you.
                  | (SH +4) [demonic ancestry]
   205 | D:4      | Reached XP level 2. HP: 20/24 MP: 2/2
   210 | D:4      | Noticed a necrophage
   274 | D:3      | Slain by a necrophage

Illustrated notes

Levels and vault maps discovered:
D:3:      layout_loops_ring, serial_shops, shop, shop, uniq_grinder
D:4:      layout_cave_pods, minmay_misc_feat_rows, uniq_crazy_yiuf_cottage
D:5:      layout_loops_ring, serial_shops, nicolae_shop_behind_doors,
          uniq_prince_ribbit1, uniq_menkaure, uniq_sigmund

Skill      XL: |  1 |
---------------+----+-----
Maces & Flails | 2 |  2.5
Fighting       | |  3.0
Dodging        | |  1.7
Stealth        | |  4.5

Action                   || total
-------------------------++-------
Melee: Mace              ||    12
  Use: Scroll            ||     1
 Stab: Sleeping          ||     1
Armor: Leather armour    ||     5
Dodge: Dodged            ||     7
Block: Other             ||     2

Table legend: (Time is in decaauts)
 A = Elapsed time spent in this place.
 B = Non-inter-level travel time spent in this place.
 C = Inter-level travel time spent in this place.
 D = Time resting spent in this place.
 E = Time spent auto-exploring this place.
 F = Levels seen in this place.
 G = Mean time per level.
                   A        B        C        D        E       F      G
               +--------+--------+--------+--------+--------+-----+--------+
         Total |    277 |    277 |      0 |     15 |      0 |   3 |   92.3 |
       Dungeon |    277 |    277 |      0 |     15 |      0 |   3 |   92.3 |
               +--------+--------+--------+--------+--------+-----+--------+

Top non-repeatable levels by time:
     D:4: 224 daAuts
     D:5: 48 daAuts
     D:3: 4 daAuts
